 Dungeon Crawl Stone Soup version 0.31-a0-1405-g2bb1a01664 (webtiles) character file.

Game seed: 10353163224449239182

87 BigPumpCobain the Changeling (level 4, -2/34 HPs)
             Began as a Merfolk Shapeshifter on Dec 25, 2023.
             Was an Initiate of Hepliaklqana.
             Splashed by a jelly's acid (9 damage)
             ... on level 4 of the Dungeon.
             The game lasted 00:03:34 (2584 turns).

BigPumpCobain the Changeling (Merfolk Shapeshifter) Turns: 2584, Time: 00:03:35

Health: -2/34      AC: -6    Str: 16    XL:     4   Next: 51%
Magic:  4/4        EV: 12    Int:  9    God:    Hepliaklqana [......]
Gold:   141        SH:  0    Dex: 13    Spells: 3/3 levels left

rFire   . .          .
                       - Unarmed
rCold   . . .        (no shield)
rNeg    . . .        a - +0 animal skin
rPois   .            (helmet currently unavailable)
rElec   .            (cloak currently unavailable)
rCorr   .            (gloves currently unavailable)
SInv    .            (boots currently unavailable)
Will    .....        (no amulet)
Stlth   +            (no ring)
HPRegen 0.25/turn    (no ring)
MPRegen 0.09/turn

%: no passive effects
@: beast-form, corroded
A: beast (slay +2), (nimble swimmer 2), mertail
a: Begin Untransformation, Renounce Religion


You were on level 4 of the Dungeon.
You worshipped Hepliaklqana.
Hepliaklqana was noncommittal.
You were a hulking beast.
You visited 2 branches of the dungeon, and saw 5 of its levels.

You collected 141 gold pieces.

Inventory:

Armour
 a - a +0 animal skin (worn)
Magical Staves
 l - the staff of Avant Garde Courage {rPois rC+++ rN+ Int-2 Dex+3 Alchemy}
   (You found it on level 2 of the Dungeon)

   [staff of alchemy]

   Base accuracy: +5 Base damage: 5 Base attack delay: 1.2 This weapon's minimum
   attack delay (0.6) is reached at skill level 12.
   Int-2:     It affects your intelligence (-2).
   Dex+3:     It affects your dexterity (+3).
   rC+++:     It renders you almost immune to cold.
   rPois:     It protects you from poison rN+: It protects you from negative
   energy.
   Alchemy:   It increases the power of your Alchemy spells.
   It falls into the 'Staves' category.
   It is a one-handed weapon.
Jewellery
 g - an amulet of reflection
 u - an amulet of the acrobat
Talismans
 c - a beast talisman
 d - a flux talisman
Scrolls
 e - 6 scrolls of identify {unknown}
 f - 4 scrolls of amnesia {unknown}
 j - a scroll of poison {unknown}
 k - a scroll of immolation {unknown}
 n - a scroll of noise {unknown}
 o - 2 scrolls of enchant armour {unknown}
 s - a scroll of fear {unknown}
 t - a scroll of teleportation {unknown}
Potions
 b - 2 potions of lignification
 h - 2 potions of enlightenment {unknown}
 i - 2 potions of mutation {unknown}
 m - a potion of haste {unknown}
 p - a potion of heal wounds {unknown}
 q - a potion of brilliance {unknown}
 r - a potion of might {unknown}


   Skills:
 + Level 2.8 Fighting
 - Level 2.6 Dodging
 + Level 4.1 Unarmed Combat
 + Level 5.0 Shapeshifting


You had 3 spell levels left.
You didn't know any spells.
Your spell library contained the following spells:

 Spells                   Type           Power      Damage    Failure   Level
 Magic Dart               Conj           0%         1d3       38%         1
 Blink                    Tloc           0%         N/A       52%         2
 Call Imp                 Summ           0%         N/A       52%         2
 Animate Armour           Summ/Erth      0%         N/A       99%         4
 Summon Lightning Spire   Summ/Air       0%         N/A       99%         4
 Lee's Rapid Deconstruct  Erth           0%         3d4*      100%        5


Dungeon Overview and Level Annotations

Branches:
Dungeon (4/15)             Temple (1/1) D:4

Altars:
Dithmenos
Elyvilon
Fedhas
Hepliaklqana
Kikubaaqudgha
Nemelex Xobeh
Okawaru
Qazlal
Ru
Sif Muna
Vehumet
Wu Jian
Xom
Yredelemnul
Zin


Innate Abilities, Weirdness & Mutations

You are a hulking beast.
Your limbs bulge with bestial killing power. (Slay +2)
((You are very nimble when in or above water. (Stealth+, EV+, Speed+++)))
Your lower body shifts to a powerful aquatic tail in water.


Message History

There is a staircase back to the Dungeon here.
Search for what [Enter for "."]? .
Found a hazy altar of Hepliaklqana and a glowing silver altar of Zin.
Found a shimmering blue altar of Sif Muna.
Your legs become a tail as you enter the water.
Found a sacrificial altar of Ru.
Found a stormy altar of Qazlal.
There is a hazy altar of Hepliaklqana here.
You kneel at the altar of Hepliaklqana.
Hepliaklqana welcomes you!
Okay, then.
Done exploring.
Your legs become a tail as you enter the water.
There is a staircase back to the Dungeon here.
You climb upwards.
Welcome back to the Dungeon!
There is a staircase to the Ecumenical Temple here.
You now have 141 gold pieces (gained 9).
There is a stone staircase leading up here.
u - an amulet of the acrobat You open the door.
A jelly comes into view.
You punch the jelly! The acid corrodes you!
Your hands burn!
The jelly is heavily wounded.
The jelly hits you.
You are splashed with acid!
You hit the jelly but do no damage.
Your hands burn!
The jelly is heavily wounded.
The jelly hits you. The acid corrodes you!
You are splashed with acid.
* * * LOW HITPOINT WARNING * * *
You are too injured to fight recklessly!
You are too injured to fight recklessly!
You are too injured to fight recklessly!
You are too injured to fight recklessly!
You are too injured to fight recklessly!
You are too injured to fight recklessly!
You are too injured to fight recklessly!
You are too injured to fight recklessly!
The jelly attacks as it pursues you! The jelly hits you.
* * * LOW HITPOINT WARNING * * *
You are splashed with acid!
You die...

...# ...# #.........#
...# #.........+ ...#
#.........#### ########
#............. .......#
#............. .......#
#............. .......#
+............. .......#
#....hJ....... .......#
#.....#'####+# .......#
+.....#... .......+
#.....#.....
.......#####.>...#......#
####.............########
+..>..............
#..b....<..........
#...................


You could see a jelly.

Vanquished Creatures
  An adder (D:3)
  A worm (D:2)
  4 dart slugs
  An orc (D:3)
  9 bats
  6 endoplasms
  A giant cockroach (D:3)
  6 goblins
  3 hobgoblins
  2 jackals (D:1)
  2 quokkas
  6 ball pythons
  10 kobolds
  9 rats
61 creatures vanquished.

Notes
Turn   | Place    | Note
-------+----------+-------------------------------------------
     0 | D:1      | BigPumpCobain the Merfolk Shapeshifter began the quest for
                  | the Orb.
     0 | D:1      | Reached XP level 1. HP: 15/15 MP: 1/1
   156 | D:1      | Reached XP level 2. HP: 21/21 MP: 2/2
   649 | D:1      | Reached XP level 3. HP: 22/27 MP: 3/3
  1325 | D:2      | Identified the staff of Avant Garde Courage {rPois rC+++
                  | rN+ Int-2 Dex+3 Alchemy}
  1907 | D:3      | Reached XP level 4. HP: 27/34 MP: 4/4
  2156 | D:3      | Found a sparkling altar of Nemelex Xobeh.
  2528 | D:4      | Found a staircase to the Ecumenical Temple.
  2537 | D:4      | Reached skill level 5 in Shapeshifting
  2541 | Temple   | Entered the Ecumenical Temple
  2551 | Temple   | Became a worshipper of Hepliaklqana the Forgotten
  2584 | D:4      | Splashed by a jelly's acid

Illustrated notes

Levels and vault maps discovered:
D:1:      dpeg_arrival_lava_temple_mockup, layout_basic
D:2:      layout_loops_cross, reono_crystal_passage,
          chequers_serial_rivers_small_3, serial_bayou_ford_a
D:3:      layout_loops_ring, nemelex_dance_club_becter
D:4:      layout_gridville, minmay_temple_entry_butterflies
Temple:   eino_temple_water

Skill      XL: |  1  2  3  4 |
---------------+-------------+-----
Fighting       | 2 |  2.8
Unarmed Combat | 4 |  4.1
Shapeshifting  | 5 |  5.0
Dodging        | |  2.6

Action                     |  1- 3 |  4- 6 || total
---------------------------+-------+-------++-------
  Melee: Unarmed           |   124 |    38 ||   162
   Stab: Sleeping          |     3 |       ||     3
 Armour: Animal skin       |    51 |    17 ||    68
  Dodge: Dodged            |    69 |    21 ||    90

Table legend: (Time is in decaauts)
 A = Elapsed time spent in this place.
 B = Non-inter-level travel time spent in this place.
 C = Inter-level travel time spent in this place.
 D = Time resting spent in this place.
 E = Time spent auto-exploring this place.
 F = Levels seen in this place.
 G = Mean time per level.
                   A        B        C        D        E       F      G
               +--------+--------+--------+--------+--------+-----+--------+
         Total |   2553 |   2439 |    114 |      0 |   2066 |   5 |  510.6 |
       Dungeon |   2535 |   2437 |     98 |      0 |   2066 |   4 |  633.8 |
        Temple |     18 |      2 |     16 |      0 |      0 |   1 |   18.0 |
               +--------+--------+--------+--------+--------+-----+--------+

Top non-repeatable levels by time:
     D:1: 1141 daAuts
     D:2: 678 daAuts
     D:3: 647 daAuts
     D:4: 67 daAuts
  Temple: 18 daAuts
